 Dungeon Crawl Stone Soup version 0.23.2 (webtiles) character file.

Game seed: 502443455267889562

130 Kairos the Skirmisher (level 5, -1/43 HPs)
             Began as a Formicid Abyssal Knight on Apr 9, 2019.
             Was a Follower of Lugonu.
             Slain by an orc (2 damage)
             ... on level 3 of the Dungeon.
             The game lasted 00:03:14 (1720 turns).

Kairos the Skirmisher (Formicid Abyssal Knight)     Turns: 1720, Time: 00:03:14

Health: -1/43      AC: 12    Str: 17    XL:     5   Next: 36%
Magic:  6/6        EV:  5    Int: 12    God:    Lugonu [*.....]
Gold:   109        SH:  0    Dex: 10    Spells: 4/4 levels left

rFire    + + .     SeeInvis +   a - +1 spear
rCold    + . .     Gourm    .   (no shield)
rNeg     . . .     Faith    .   g - +0 plate armour
rPois    .         Spirit   .   (helmet unavailable)
rElec    .         Reflect  .   r - scarf {rC+ rF+}
rCorr    .         Harm     .   i - +0 pair of gloves
MR       +....                  (no boots)
Stlth    ..........             (no amulet)
HPRegen  0.14/turn              e - ring of protection from fire
MPRegen  0.10/turn              f - ring of protection from magic

@: no status effects
A: permanent stasis, dig shafts and tunnels, four strong arms, antennae 3
a: Dig, Shaft Self, Depart the Abyss, Renounce Religion


You were on level 3 of the Dungeon.
You worshipped Lugonu.
Lugonu was aware of your devotion.
You were hungry.

You visited 1 branch of the dungeon, and saw 3 of its levels.
You visited the Abyss 1 time.

You collected 109 gold pieces.

Inventory:

Hand Weapons
 a - a +1 spear (weapon)
Armour
 g - a +0 plate armour (worn)
 i - a +0 pair of gloves (worn)
 r - a scarf of resistance (worn)
Jewellery
 e - a ring of protection from fire (left hand)
 f - a ring of protection from magic (right hand)
Scrolls
 h - 2 scrolls of remove curse {unknown}
 j - 2 scrolls of fear {unknown}
 o - a scroll of enchant weapon {unknown}
 p - a scroll of immolation {unknown}
Potions
 b - a potion of cancellation
 d - a potion of heal wounds {unknown}
 q - a potion of flight
Comestibles
 c - 4 rations


   Skills:
 + Level 4.8 Fighting
 + Level 3.1 Polearms
 + Level 3.3 Armour
 + Level 0.9 Dodging
 + Level 2.2 Invocations


You had 4 spell levels left.
You didn't know any spells.
Your spell library was empty.

Dungeon Overview and Level Annotations

Branches:
Dungeon (3/15)

Altars:
Ashenzari


Innate Abilities, Weirdness & Mutations

You cannot be hasted, slowed, berserked, paralysed or teleported.
You can dig through walls and to a lower floor.
Your four strong arms can wield two-handed weapons with a shield.
You have a pair of large antennae on your head. (SInv)


Message History

* * * LOW HITPOINT WARNING * * *
You hit the orc.
The orc is heavily wounded.
The orc hits you but does no damage.
Your plate armour prevents you from hitting the orc.
The orc is heavily wounded.
The orc hits you.
* * * LOW HITPOINT WARNING * * *
You closely miss the orc.
The orc is heavily wounded.
The orc hits you.
* * * LOW HITPOINT WARNING * * *
You hit the orc.
The orc is almost dead.
The orc hits you but does no damage.
You closely miss the orc.
The orc is almost dead.
A quokka comes into view.
The orc hits you.
You die...

# #... # #.. # #.. #
#.. .. ##### ###.## #
##. #....
###....###.##.####.###
#>.................(..
#....@......r.........
###..o)###.##.#.##.###
####.# ..........#
#...†# ###.##.###
###.#########.##.#
#<...............#
####.............#
#.............#
#.......).....#


You could see an orc and a quokka (wandering).

Vanquished Creatures
  An orc priest (D:3)
  3 adders (D:2)
  3 gnolls (D:2)
  4 dart slugs
  3 orcs (D:3)
  2 giant cockroaches (D:1)
  4 goblins
  3 hobgoblins (D:1)
  A quokka (D:3)
  A bat (D:3)
  A frilled lizard (D:1)
  7 kobolds
  6 rats
39 creatures vanquished.

Notes
Turn   | Place    | Note
-------+----------+-------------------------------------------
     0 | Abyss:1  | Kairos the Formicid Abyssal Knight began the quest for the
                  | Orb.
     0 | Abyss:1  | Reached XP level 1. HP: 18/18 MP: 2/2
    31 | Abyss:2  | Noticed an ancient zyme
    81 | Abyss:2  | Noticed a thrashing horror
    83 | D:1      | Escaped the Abyss
   159 | D:1      | Reached XP level 2. HP: 22/24 MP: 3/3
   202 | D:1      | Reached * piety under Lugonu
   334 | D:1      | Found a shattered altar of Ashenzari.
   358 | D:1      | Reached XP level 3. HP: 20/30 MP: 4/4
   920 | D:2      | Reached skill level 4 in Fighting
   937 | D:2      | Reached XP level 4. HP: 38/38 MP: 5/5
  1663 | D:3      | Reached XP level 5. HP: 37/43 MP: 6/6
  1718 | D:3      | HP: 1/43 [orc (2)]
  1720 | D:3      | Slain by an orc

Skill      XL: |  1  2  3  4  5 |
---------------+----------------+-----
Fighting       | 4 |  4.8
Armour         | 3 |  3.3
Polearms       | 3 |  3.1
Dodging        | |  0.9
Invocations    | |  2.2

Action                   |  1- 3 |  4- 6 || total
-------------------------+-------+-------++-------
Melee: Spear             |    82 |    95 ||   177
Invok: Depart the Abyss  |     1 |       ||     1
 Abil: Dig               |     1 |       ||     1
  Use: Scroll            |       |     4 ||     4
  Eat: Chunk             |       |     2 ||     2
Armor: Plate armour      |    34 |    46 ||    80
Dodge: Dodged            |     7 |    25 ||    32
